 Dungeon Crawl Stone Soup version 0.31-a0-986-g5e6e4ef867 (webtiles) character file.

Game seed: 11467406232188182453

998 avis the Ducker (level 8, 35/36 HPs)
             Began as a Felid Shapeshifter on Nov 6, 2023.
             Was an Initiate of Gozag.
             Got out of the dungeon alive.
             The game lasted 00:28:04 (5775 turns).

avis the Ducker (Felid Shapeshifter)                Turns: 5775, Time: 00:28:05

Health: 35/36      AC:  2    Str: 10    XL:     8   Next: 0%
Magic:  10/10      EV: 21    Int: 12    God:    Gozag
Gold:   253        SH:  5    Dex: 17    Spells: 4/9 levels left
                                        Lives:  1   Deaths: 2

rFire   . .          .
                       - Unarmed
rCold   . . .        (shield unavailable)
rNeg    . . .        (body armour unavailable)
rPois   .            (helmet unavailable)
rElec   .            (cloak unavailable)
rCorr   .            (gloves unavailable)
SInv    +            (boots unavailable)
Will    +....        j - amulet of reflection
Stlth   ++           (no ring)
HPRegen 0.26/turn    (no ring)
MPRegen 0.12/turn

%: reflection
@: beast-form, quick
A: beast (slay +3), very small, claws 1, fangs 3, see invisible, speed 1, shaggy
fur 2, stealthy paws, no weapons or thrown items, no armour, multi-lived
a: Begin Untransformation, Renounce Religion, Potion Petition, Call Merchant,
Bribe Branch


You escaped.
You worshipped Gozag.
Gozag was aware of your devotion.
You were a hulking beast.
You visited 2 branches of the dungeon, and saw 7 of its levels.

You collected 322 gold pieces.
You paid 69 gold pieces to Gozag.

Inventory:

Jewellery
 j - an amulet of reflection (around neck)
Talismans
 b - a beast talisman
 c - a flux talisman
Scrolls
 a - 2 scrolls of teleportation
 e - a scroll of blinking
 i - a scroll of immolation {unknown}
 k - a scroll of vulnerability
 m - a scroll of poison
 o - a scroll of enchant weapon
Potions
 d - a potion of attraction
 f - 2 potions of brilliance
 g - a potion of mutation
 h - 2 potions of curing
 l - a potion of invisibility


   Skills:
 * Level 3.7 Fighting
 - Level 7.0 Dodging
 - Level 3.0 Unarmed Combat
 - Level 1.0 Spellcasting
 - Level 3.0 Translocations
 - Level 4.0 Ice Magic
 - Level 5.3 Shapeshifting


You had 4 spell levels left.
You knew the following spells:

 Your Spells              Type           Power      Damage    Failure   Level
b - Blink                 Tloc           14%        N/A       13%         2
o - Ozocubu's Armour      Ice            10%        N/A       17%         3

Your spell library contained the following spells:

 Spells                   Type           Power      Damage    Failure   Level
 Freeze                   Ice            40%        1d6       6%          1
 Lesser Beckoning         Tloc           14%        N/A       13%         2
 Frozen Ramparts          Ice            20%        1d4       17%         3
 Ensorcelled Hibernation  Hex/Ice        10%        N/A       21%         2
 Momentum Strike          Conj/Tloc      8%         3d8       24%         2
 Slow                     Hex            0%         N/A       30%         1
 Hailstorm                Conj/Ice       5%         3d4       36%         3
 Passwall                 Tmut/Erth      0%         N/A       41%         2
 Confusing Touch          Hex            0%         N/A       65%         3
 Sigil of Binding         Hex            0%         N/A       65%         3
 Swiftness                Air            0%         N/A       65%         3
 Vampiric Draining        Necr           0%         2d6       65%         3
 Ozocubu's Refrigeration  Ice            5%         4d8       100%        7


Dungeon Overview and Level Annotations

Branches:
Dungeon (6/15)             Temple (1/1) D:5

Altars:
Ashenzari
Cheibriados
Dithmenos
Fedhas
Gozag
Hepliaklqana
Kikubaaqudgha
Makhleb
Nemelex Xobeh
Okawaru
Qazlal
Ru
Sif Muna
Uskayaw
Wu Jian
Xom
Yredelemnul
Zin

Annotations:
D:4 2 transporters, 4 runed translucent doors, hgbash's ghost, amateur TrSh
D:5 2 runed translucent doors, timneilson's ghost, novice OpSh


Innate Abilities, Weirdness & Mutations

You are a hulking beast.
Your limbs bulge with bestial killing power. (Slay +3)
You have sharp claws.
You have razor-sharp teeth.
You have supernaturally acute eyesight. (SInv)
You cover ground quickly. (Speed+)
You are covered in thick fur. (AC +2)
Your paws help you pounce on unaware monsters.
You are incapable of wielding weapons or throwing items.
You cannot wear armour.
You gain extra lives every three experience levels.


Message History

You claw the sleepcap, but do no damage.
The sleepcap is heavily damaged.
The sleepcap completely misses you.
You claw the sleepcap!
The sleepcap is almost destroyed.
The sleepcap completely misses you.
You scratch the sleepcap.
The sleepcap is almost destroyed.
The sleepcap misses you.
You scratch the sleepcap.
You destroy the sleepcap!
You have reached level 8!
You now have 253 gold pieces (gained 8).
There is a stone staircase leading up here.
You climb upwards.
Level annotation: 2 runed translucent doors, timneilson's ghost, novice OpSh
There is a stone staircase leading down here.
There is a dry fountain here.
There is a staircase to the Ecumenical Temple here.
Unknown command.
What level of the Dungeon? (default 5, ? - help)
Okay, then.
What level of the Dungeon? (default 5, ? - help)
There is a stone staircase leading up here.
You climb upwards.
Level annotation: 2 transporters, 4 runed translucent doors, hgbash's ghost, amateur TrSh
There is a stone staircase leading down here.
There is a stone staircase leading up here.
You climb upwards.
There is a stone staircase leading down here.
You see here a +0 ring mail.
There is a stone staircase leading up, spattered with blood here.
You climb upwards.
There is a stone staircase leading down, spattered with blood here.
There is a stone staircase leading up here.
You climb upwards.
There is a stone staircase leading down here.
There is an open door here.
There is a staircase leading out of the dungeon here.
You have escaped!

##### ######.h.###### ####
###.............###
##.#####.................####
.......'.................+..#
....##.#.................##.#
##..##.###.............####.#
.........###.........### #.#
#######..# ###.....### #.#
.........###.........###
##.#####


There were no monsters in sight!

Vanquished Creatures
  A yak (D:5)
  2 ice beasts
  An ogre (D:5)
  A bullfrog (D:4)
  A gnoll sergeant (D:5)
  An orc priest (D:3)
  A hound (D:4)
  A jelly (D:4)
  2 sleepcaps
  Terence (D:2)
  An orc wizard (D:5)
  An iguana (D:4)
  6 adders
  7 gnolls
  2 worms
  6 dart slugs
  13 orcs
  4 ball pythons
  4 bats
  9 endoplasms
  8 giant cockroaches
  9 goblins
  5 hobgoblins
  4 kobolds
  4 quokkas
  2 frilled lizards (D:1)
  4 rats
101 creatures vanquished.

Notes
Turn   | Place    | Note
-------+----------+-------------------------------------------
     0 | D:1      | avis the Felid Shapeshifter began the quest for the Orb.
     0 | D:1      | Reached XP level 1. HP: 9/9 MP: 2/2
   158 | D:1      | Reached skill level 3 in Dodging
   238 | D:1      | Reached XP level 2. HP: 11/12 MP: 3/3
  1029 | D:2      | Reached XP level 3. HP: 15/16 MP: 4/4
  1154 | D:2      | Reached skill level 4 in Dodging
  1247 | D:2      | Noticed Terence
  1337 | D:2      | Reached skill level 5 in Dodging
  1337 | D:2      | Reached XP level 4. HP: 8/19 MP: 5/5
  1339 | D:2      | HP: 1/28 [Terence/+0 flail (4)]
  1348 | D:2      | Killed Terence
  1832 | D:2      | Found a faded altar of an unknown god.
  2231 | D:3      | Learned a level 2 spell: Blink
  2291 | D:2      | Found a sacrificial altar of Ru.
  2480 | D:3      | Reached XP level 5. HP: 24/24 MP: 6/6
  2980 | D:3      | Found a hazy altar of Hepliaklqana.
  3073 | D:4      | Found a transporter.
  3073 | D:4      | Found a transporter.
  3073 | D:4      | Noticed hgbash's ghost (amateur TrSh)
  3198 | D:4      | Found a large runed translucent door.
  3198 | D:4      | Found a large runed translucent door.
  3212 | D:4      | Found a large runed translucent door.
  3212 | D:4      | Found a large runed translucent door.
  3368 | D:4      | Found a burning altar of Makhleb.
  3377 | D:4      | Reached skill level 5 in Shapeshifting
  3485 | D:4      | Noticed an ice beast
  3861 | D:4      | Gained mutation: You are covered in thick fur. (AC +2)
                  | [Felid growth]
  3861 | D:4      | Reached XP level 6. HP: 28/28 MP: 7/7
  4021 | D:4      | Slain by an ice beast
  4034 | D:4      | Killed an ice beast
  4035 | D:4      | Reached skill level 6 in Dodging
  4171 | D:4      | Reached skill level 7 in Dodging
  4344 | D:4      | Learned a level 3 spell: Ozocubu's Armour
  4345 | D:5      | Entered Level 5 of the Dungeon
  4359 | D:5      | Reached skill level 1 in Spellcasting
  4571 | D:5      | Found a glowing silver altar of Zin.
  4622 | D:5      | Reached XP level 7. HP: 27/31 MP: 9/9
  4623 | D:5      | Reached skill level 1 in Translocations
  4623 | D:5      | Reached skill level 1 in Ice Magic
  4662 | D:5      | Found a staircase to the Ecumenical Temple.
  4673 | Temple   | Entered the Ecumenical Temple
  4695 | Temple   | Became a worshipper of Gozag Ym Sagoz the Greedy
  4854 | D:5      | Found a large runed translucent door.
  4854 | D:5      | Found a large runed translucent door.
  4890 | D:5      | Slain by an ice beast
  4905 | D:5      | Found a basalt altar of Yredelemnul.
  5002 | D:5      | Found a hide-covered altar of Uskayaw.
  5032 | D:5      | Found a runed translucent door.
  5045 | D:5      | Noticed timneilson's ghost (novice OpSh)
  5369 | D:5      | Found a runed translucent door.
  5417 | D:5      | Found an iron altar of Okawaru.
  5417 | D:5      | Noticed a yak
  5428 | D:5      | Killed a yak
  5535 | D:5      | Found a broken altar of Ashenzari.
  5627 | D:6      | Reached XP level 8. HP: 3/36 MP: 10/10
  5775 | D:$      | Got out of the dungeon alive.

Illustrated notes

Levels and vault maps discovered:
D:1:      nzn_arrival_depleted_hourglass, layout_basic
D:2:      layout_basic, dilly_ecumenical_altar_fadedgnrine, basic_altar,
          minmay_pentomino_u2, uniq_terence
D:3:      layout_basic, nicolae_hepliaklqana_hazy_memory
D:4:      layout_basic, makhleb_heckhound_becter, gammafunk_ghost_arena,
          minmay_hollow_rounded_squares
D:5:      layout_rooms, mainiacjoe_overflow_24_doors,
          mainiacjoe_overflow_six_doors_small, nicolae_overflow_crystal_walls,
          jmf_multi_god_temple2, minmay_temple_entry_junction,
          ebering_ghost_sewer_f
D:6:      layout_loops_corners, serial_shops, kennysheep_little_box,
          uniq_sigmund
Temple:   nicolae_temple_bog_church

Skill      XL: |  1  2  3  4  5  6  7 |
---------------+----------------------+-----
Dodging        | 3 5 7 |  7.0
Fighting       | 2 3 |  3.7
Shapeshifting  | 5 |  5.3
Spellcasting   | 1 |  1.0
Translocations | 3 |  3.0
Ice Magic      | 4 |  4.0
Unarmed Combat | |  3.0

Action                     |  1- 3 |  4- 6 |  7- 9 || total
---------------------------+-------+-------+-------++-------
  Melee: Unarmed           |    93 |   168 |    84 ||   345
         Bite              |     9 |    19 |    15 ||    43
         Punch             |       |     3 |     5 ||     8
    Use: Potion            |     1 |     3 |     1 ||     5
         Scroll            |       |     8 |     3 ||    11
   Stab: Sleeping          |     2 |     3 |       ||     5
         Distracted        |       |       |     1 ||     1
 Armour: Skin              |    24 |    50 |    22 ||    96
  Dodge: Dodged            |    58 |   106 |    42 ||   206
  Block: Other             |       |     9 |    11 ||    20

Table legend: (Time is in decaauts)
 A = Elapsed time spent in this place.
 B = Non-inter-level travel time spent in this place.
 C = Inter-level travel time spent in this place.
 D = Time resting spent in this place.
 E = Time spent auto-exploring this place.
 F = Levels seen in this place.
 G = Mean time per level.
                   A        B        C        D        E       F      G
               +--------+--------+--------+--------+--------+-----+--------+
         Total |   4897 |   4316 |    581 |    822 |   2182 |   7 |  699.6 |
       Dungeon |   4859 |   4311 |    548 |    822 |   2182 |   6 |  809.8 |
        Temple |     38 |      5 |     33 |      0 |      0 |   1 |   38.0 |
               +--------+--------+--------+--------+--------+-----+--------+

Top non-repeatable levels by time:
     D:2: 1161 daAuts
     D:4: 1071 daAuts
     D:5: 995 daAuts
     D:1: 911 daAuts
     D:3: 700 daAuts
  Temple: 38 daAuts
     D:6: 20 daAuts
